 Dungeon Crawl Stone Soup version 0.24-a0-537-g2d01d4ab0a (webtiles) character file.

Game seed: 13707627393206314241

396 Mithandil the Magician (level 6, -3/47 HPs)
             Began as a Gnoll Wanderer on Aug 13, 2019.
             Slain by a sky beast (6 damage)
             ... on level 4 of the Dungeon.
             The game lasted 00:19:41 (3728 turns).

Mithandil the Magician (Gnoll Wanderer)             Turns: 3728, Time: 00:19:41

Health: -3/47      AC:  4    Str: 15    XL:     6   Next: 82%
Magic:  14/14      EV: 12    Int: 15    God:
Gold:   198        SH:  0    Dex: 15    Spells: 5/15 levels left

rFire    . . .     SeeInvis .   p - +2 lajatang (vamp)
rCold    + . .     Gourm    .   (shield currently unavailable)
rNeg     . . .     Faith    .   l - +0 leather armour
rPois    .         Spirit   .   (no helmet)
rElec    .         Reflect  .   a - +0 cloak
rCorr    .         Harm     .   (no gloves)
MR       .....                  (no boots)
Stlth    ++........             (no amulet)
HPRegen  0.15/turn              t - ring of protection from cold
MPRegen  0.14/turn              (no ring)

@: no status effects
A: distributed training, fangs 1, strong nose
a: no special abilities


You were on level 4 of the Dungeon.
You were not hungry.

You visited 1 branch of the dungeon, and saw 5 of its levels.

You collected 198 gold pieces.

Inventory:

Hand Weapons
 b - a +0 shortbow
 p - a +2 vampiric lajatang (weapon)
 v - a +0 spear
Missiles
 i - 11 poisoned darts (quivered)
 k - 229 stones
 n - 89 sling bullets
 q - 21 bolts
 w - 19 arrows
Armour
 a - a +0 cloak (worn)
 g - a +3 ring mail of poison resistance
 l - a +0 leather armour (worn)
Jewellery
 t - a ring of protection from cold (left hand)
Wands
 c - a wand of random effects (15)
Scrolls
 d - a scroll of magic mapping
 e - 2 scrolls of remove curse
 j - 4 scrolls of identify
 o - a scroll of teleportation
Potions
 h - 4 potions of curing
 m - a potion of lignification {unknown}
Comestibles
 f - 8 rations
 u - 4 chunks of flesh


   Skills:
 + Level 3.3 Fighting
 + Level 2.1 Short Blades
 + Level 2.1 Long Blades
 + Level 2.1 Axes
 + Level 2.1 Maces & Flails
 + Level 2.1 Polearms
 + Level 2.1 Staves
 + Level 2.1 Slings
 + Level 2.1 Bows
 + Level 2.1 Crossbows
 + Level 2.1 Throwing
 + Level 5.0 Armour
 + Level 2.1 Dodging
 + Level 2.1 Stealth
 + Level 3.3 Shields
 + Level 2.1 Unarmed Combat
 + Level 5.4 Spellcasting
 + Level 1.6 Conjurations
 + Level 1.6 Hexes
 + Level 1.6 Charms
 + Level 1.6 Summonings
 + Level 4.1 Necromancy
 + Level 2.7 Translocations
 + Level 1.6 Transmutations
 + Level 1.6 Fire Magic
 + Level 1.6 Ice Magic
 + Level 1.6 Air Magic
 + Level 1.6 Earth Magic
 + Level 1.6 Poison Magic
 + Level 2.3 Invocations
 + Level 3.3 Evocations


You had 5 spell levels left.
You knew the following spells:

 Your Spells              Type           Power        Failure   Level  Hunger
a - Magic Dart            Conj           #...         10%         1    None
b - Flame Tongue          Conj/Fire      #....        10%         1    None
c - Mephitic Cloud        Conj/Pois/Air  #.......     28%         3    ###....
f - Conjure Flame         Conj/Fire      #.......     28%         3    ###....
z - Blink                 Tloc           N/A          9%          2    #......

Your spell library contained the following spells:

 Spells                   Type           Power        Failure   Level  Hunger
 Call Imp                 Summ           #.......     14%         2    #......
 Slow                     Hex            #.......     14%         2    #......


Dungeon Overview and Level Annotations

Branches:
Dungeon (5/15)
 Temple: D:4-7

Altars:
Qazlal
Ru


Innate Abilities, Weirdness & Mutations

Your experience applies equally to all skills.
You have very sharp teeth.
Your uncanny sense of smell can sniff out nearby items.


Message History

Deactivating autopickup; reactivate with Ctrl-A.
Something hits you. Something shocks you.
Something hits you but does no damage. Something hits you but does no damage.
You slash something! You bite something. Something hits you.
Something shocks you.
You miss something.
Something hits you but does no damage. x2
You miss something. Something hits you. Something shocks you.
* * * LOW HITPOINT WARNING * * *
You hit something.
You feel better.
Your bite misses something. Something hits you.
* * * LOW HITPOINT WARNING * * *
Something shocks you.
* * * LOW HITPOINT WARNING * * *
You miss something. You bite something.
A sky beast appears from thin air!
Reactivating autopickup.
The sky beast hits you.
* * * LOW HITPOINT WARNING * * *
The sky beast shocks you.
You die...

.### ∆## ##.......# .....####
.## #........ .........##
..## #....###.
...........##...## #...## #.
..............#...##..#.. #.
...........)...#..##.###.###.
.............................
............Y...#....####.###
............@...# ##.....#
.....................#.......
#................###.#.......
#...............## #....._...
##.............## #.#.......
#............## #.#.......
##.........### ###.##.....#
#..........## ###...####.###
..........## ###.............


You could see a sky beast.

Vanquished Creatures
  A centaur (D:5)
  A jelly (D:5)
  An iguana (D:4)
  Terence (D:3)
  2 worker ants (D:4)
  A hound skeleton (D:4)
  4 gnolls (D:3)
  5 adders
  3 worms
  2 dart slugs (D:1)
  3 leopard geckos
  3 orcs
  9 bats
  5 giant cockroaches
  8 goblins
  4 hobgoblins (D:1)
  4 jackals (D:3)
  8 kobolds
  2 frilled lizards
  7 rats
74 creatures vanquished.

Notes
Turn   | Place    | Note
-------+----------+-------------------------------------------
     0 | D:1      | Mithandil the Gnoll Wanderer began the quest for the Orb.
     0 | D:1      | Mithandil set off with the following items: a +0 club, a
                  | wand of random effects (15), a +0 robe, a ration; and the
                  | following spells available to memorise: Blink, Flame
                  | Tongue, Magic Dart, Call Imp, Slow, Conjure Flame, Mephitic
                  | Cloud
     0 | D:1      | Reached XP level 1. HP: 17/17 MP: 6/6
     2 | D:1      | Learned a level 1 spell: Magic Dart
     4 | D:1      | Learned a level 1 spell: Flame Tongue
   144 | D:1      | Reached XP level 2. HP: 23/23 MP: 1/7
   530 | D:1      | Reached XP level 3. HP: 28/28 MP: 1/9
   567 | D:1      | Reached skill level 5 in Spellcasting
  1219 | D:2      | Learned a level 3 spell: Conjure Flame
  1222 | D:2      | Learned a level 2 spell: Blink
  1258 | D:3      | Reached skill level 1 in Invocations
  1261 | D:3      | Reached skill level 1 in Short Blades
  1261 | D:3      | Reached skill level 1 in Long Blades
  1261 | D:3      | Reached skill level 1 in Axes
  1261 | D:3      | Reached skill level 1 in Maces & Flails
  1261 | D:3      | Reached skill level 1 in Polearms
  1261 | D:3      | Reached skill level 1 in Staves
  1261 | D:3      | Reached skill level 1 in Slings
  1261 | D:3      | Reached skill level 1 in Bows
  1261 | D:3      | Reached skill level 1 in Crossbows
  1261 | D:3      | Reached skill level 1 in Throwing
  1261 | D:3      | Reached skill level 1 in Dodging
  1261 | D:3      | Reached skill level 1 in Stealth
  1261 | D:3      | Reached skill level 1 in Unarmed Combat
  1261 | D:3      | Reached XP level 4. HP: 16/34 MP: 0/11
  1744 | D:3      | Reached skill level 1 in Conjurations
  1744 | D:3      | Reached skill level 1 in Hexes
  1744 | D:3      | Reached skill level 1 in Charms
  1744 | D:3      | Reached skill level 1 in Summonings
  1744 | D:3      | Reached skill level 1 in Transmutations
  1744 | D:3      | Reached skill level 1 in Fire Magic
  1744 | D:3      | Reached skill level 1 in Ice Magic
  1744 | D:3      | Reached skill level 1 in Air Magic
  1744 | D:3      | Reached skill level 1 in Earth Magic
  1744 | D:3      | Reached skill level 1 in Poison Magic
  2006 | D:2      | Learned a level 3 spell: Mephitic Cloud
  2357 | D:3      | Reached XP level 5. HP: 40/40 MP: 7/12
  2624 | D:3      | Found a sacrificial altar of Ru.
  2839 | D:3      | Noticed Terence
  2846 | D:3      | Killed Terence
  3413 | D:5      | Entered Level 5 of the Dungeon
  3455 | D:4      | Reached XP level 6. HP: 27/47 MP: 9/13
  3552 | D:4      | Found a stormy altar of Qazlal.
  3630 | D:5      | Reached skill level 5 in Armour
  3708 | D:5      | Noticed a sky beast
  3728 | D:4      | Slain by a sky beast

Levels and vault maps discovered:
D:1:      dpeg_arrival_prison, layout_loops_cross, minmay_three_crescents
D:2:      layout_basic, first_ration, minmay_tromino_i2
D:3:      layout_basic, old_standard_altar, chequers_garden, uniq_terence
D:4:      layout_cave_pods, old_standard_altar, lemuel_coloured_pillars_altar,
          kennysheep_generic_room_3
D:5:      layout_gridville, marbit_many_paths, kennysheep_mini_moat,
          minmay_temple_entry_crystal_x, fedhas_bush_and_centaur_altar

Skill      XL: |  1  2  3  4  5  6 |
---------------+-------------------+-----
Translocations | 2 |  2.7
Spellcasting   | 5 |  5.4
Invocations    | 1 2 |  2.3
Short Blades   | 1 2 |  2.1
Long Blades    | 1 2 |  2.1
Axes           | 1 2 |  2.1
Maces & Flails | 1 2 |  2.1
Polearms       | 1 2 |  2.1
Staves         | 1 2 |  2.1
Slings         | 1 2 |  2.1
Bows           | 1 2 |  2.1
Crossbows      | 1 2 |  2.1
Throwing       | 1 2 |  2.1
Dodging        | 1 2 |  2.1
Stealth        | 1 2 |  2.1
Unarmed Combat | 1 2 |  2.1
Conjurations   | 1 |  1.6
Hexes          | 1 |  1.6
Charms         | 1 |  1.6
Summonings     | 1 |  1.6
Transmutations | 1 |  1.6
Fire Magic     | 1 |  1.6
Ice Magic      | 1 |  1.6
Air Magic      | 1 |  1.6
Earth Magic    | 1 |  1.6
Poison Magic   | 1 |  1.6
Fighting       | 3 |  3.3
Shields        | 3 |  3.3
Evocations     | 3 |  3.3
Necromancy     | 4 |  4.1
Armour         | 5 |  5.0

Action                   |  1- 3 |  4- 6 || total
-------------------------+-------+-------++-------
Melee: Club              |    19 |       ||    19
       Spear             |     9 |       ||     9
       Lajatang          |     6 |    42 ||    48
       Bite              |     1 |     6 ||     7
 Cast: Flame Tongue      |    20 |    50 ||    70
       Magic Dart        |    32 |    48 ||    80
  Use: Scroll            |     1 |     9 ||    10
       Potion            |       |     3 ||     3
  Eat: Chunk             |     1 |     8 ||     9
Armor: Robe              |     5 |       ||     5
       Leather armour    |     2 |    43 ||    45
Dodge: Dodged            |    25 |    49 ||    74

Table legend:
 A = Non-vault XP
 B = Vault XP
 C = Vault XP percentage of total XP
 D = Non-vault monster count
 E = Vault monster count
 F = Vault count percentage of total count
                 A         B        C        D         E       F
            +---------+---------+-------+---------+---------+-------
      Total |     470 |      96 |  17.0 |      61 |      13 |  17.6
            +---------+---------+-------+---------+---------+-------
        D:1 |      30 |      17 |  36.2 |      14 |       9 |  39.1
        D:2 |      25 |       4 |  13.8 |       8 |       2 |  20.0
        D:3 |     156 |      36 |  18.8 |      32 |       1 |   3.0
        D:4 |      91 |      39 |  30.0 |       5 |       1 |  16.7
        D:5 |     168 |       0 |   0.0 |       2 |       0 |   0.0
            +---------+---------+-------+---------+---------+-------
